[Event "7th Holuj Radzikowska 2017"]
[Site "Wroclaw"]
[Date "2017.11.29"]
[Round "1"]
[White "Kulon, Klaudia"]
[Black "Szczepkowska, Karina"]
[Result "1-0"]
[ECO "A13"]
[WhiteElo "2352"]
[BlackElo "2406"]
[Annotator "ChessBase"]
[PlyCount "99"]
[EventDate "2017.??.??"]
[EventType "swiss"]
[EventCountry "POL"]
[SourceTitle "playchess.com"]
[Source "ChessBase"]
[SourceQuality "1"]
[TimeControl "40/5400+30:1800+30"]

1. c4 Nf6 2. g3 e6 3. Bg2 d5 4. Nf3 dxc4 5. Qa4+ Nbd7 6. Qxc4 a6 7. Qc2 c5 8. O-O b5 9. a4 Bb7 10. Nc3 Qb6 11. d3 Be7 12. Qb3 Nd5 13. Bg5 Nxc3 14. Qxc3 Bxg5 15. Nxg5 O-O 16. Bxb7 Qxb7 17. Ne4 c4 18. Rfd1 Nb6 19. axb5 axb5 20. Nd6 Qc6 21. Rxa8 Rxa8 22. dxc4 bxc4 23. e4 Rd8 24. e5 h6 25. b3 Qc5 26. Rc1 Ra8 27. bxc4 Ra3 28. Qb2 Rf3 29. Kg2 Rd3 30. Qb5 Qd4 31. Rb1 Rd2 32. Qxb6 Qxe5 33. c5 Qd5+ 34. Kg1 Rxf2 35. Kxf2 Qd2+ 36. Kf3 Qd3+ 37. Kf4 g5+ 38. Ke5 Qc3+ 39. Ke4 Qc2+ 40. Kd4 Qd2+ 41. Kc4 Qc2+ 42. Kb5 Qxb1+ 43. Kc6 Qa2 44. Kb7 Qd5+ 45. c6 Kg7 46. Qc7 Qb3+ 47. Ka8 Kf6 48. Nb7 Kg6 49. Kb8 Qb4 50. Qd6 1-0

[Event "7th Holuj Radzikowska 2017"]
[Site "Wroclaw"]
[Date "2017.11.30"]
[Round "2"]
[White "Mkrtchian, Lilit"]
[Black "Majdan, Joanna"]
[Result "1/2-1/2"]
[ECO "A06"]
[WhiteElo "2390"]
[BlackElo "2349"]
[Annotator "RC"]
[PlyCount "118"]
[EventDate "2017.??.??"]
[EventType "swiss"]
[EventCountry "POL"]
[SourceTitle "playchess.com"]
[Source "ChessBase"]
[SourceQuality "1"]
[TimeControl "40/5400+30:1800+30"]

1. Nf3 d5 2. g3 Nf6 3. Bg2 Bf5 4. c4 c6 5. O-O e6 6. cxd5 exd5 7. d3 Na6 8. a3 Be7 9. b4 Nc7 10. Nd4 Bg6 11. Nb3 O-O 12. Bb2 Re8 13. N1d2 Ne6 14. Nf3 Nd7 15. Rc1 Qb6 16. Rb1 Rad8 17. Qd2 Qa6 18. Rfc1 Rc8 19. Bh3 Bd6 20. Nfd4 Qb6 21. Ba1 Re7 22. Nc5 Rce8 23. Nf5 Bxf5 24. Bxf5 Qc7 25. Nxd7 Qxd7 26. e4 Bc7 27. Qb2 f6 28. Qb3 Bb6 29. exd5 cxd5 30. Bh3 Qd6 31. Bg2 Nc7 32. d4 f5 33. a4 a6 34. Qf3 g6 35. Bc3 Re2 36. Qd3 f4 37. Re1 Rxe1+ 38. Rxe1 Rxe1+ 39. Bxe1 fxg3 40. hxg3 Kg7 41. Bd2 Ne6 42. Qf3 Bxd4 43. Qxd5 Qxd5 44. Bxd5 Nd8 45. Kf1 Kf6 46. Ke2 Ke5 47. Bg2 Nc6 48. f4+ Kd6 49. Kd3 Bf2 50. g4 h5 51. gxh5 gxh5 52. Ke4 h4 53. Kf5 Ne7+ 54. Kg5 Nd5 55. f5 Ke5 56. f6 Nxf6 57. Bc3+ Bd4 58. Bxd4+ Kxd4 59. Bxb7 Kc4 1/2-1/2

[Event "7th Holuj Radzikowska 2017"]
[Site "Wroclaw"]
[Date "2017.12.03"]
[Round "5"]
[White "Majdan, Joanna"]
[Black "Szczepkowska, Karina"]
[Result "1-0"]
[ECO "C54"]
[WhiteElo "2349"]
[BlackElo "2406"]
[Annotator "NA"]
[PlyCount "73"]
[EventDate "2017.??.??"]
[EventType "swiss"]
[EventCountry "POL"]
[SourceTitle "playchess.com"]
[Source "ChessBase"]
[SourceQuality "1"]
[TimeControl "40/5400+30:1800+30"]

1. e4 e5 2. Bc4 Nc6 3. Nf3 Bc5 4. c3 Nf6 5. d3 a6 6. Bb3 Ba7 7. Nbd2 d6 8. h3 h6 9. Nf1 Be6 10. Ng3 Qd7 11. Bxe6 fxe6 12. O-O O-O 13. d4 Qf7 14. Be3 exd4 15. Nxd4 Bxd4 16. Bxd4 e5 17. Be3 d5 18. Bc5 Rfd8 19. Qe2 b6 20. Ba3 d4 21. f4 exf4 22. Rxf4 d3 23. Qf1 Qe6 24. Rd1 Ne5 25. b3 c5 26. c4 Rf8 27. Bb2 Rad8 28. Rd2 b5 29. Qa1 Nfd7 30. Rf5 Rxf5 31. exf5 Nf3+ 32. Kf2 Qe7 33. gxf3 bxc4 34. Qe1 Qg5 35. Qe6+ Kh8 36. Ne4 Qf4 37. Bxg7+ 1-0